 Dungeon Crawl Stone Soup version 0.17-a0-849-g0c87caa (webtiles) character file.

82 sugabear the Shield-Bearer (level 4, 0/28 HPs)
             Began as a Gargoyle Fighter on Apr 27, 2015.
             Slain by digdugdiggy's ghost (5 damage)
             ... on level 3 of the Dungeon.
             The game lasted 00:02:18 (1362 turns).

sugabear the Shield-Bearer (Gargoyle Fighter)       Turns: 1362, Time: 00:02:18

Health: 0/28       AC: 13    Str: 20    XL:     4   Next: 43%
Magic:  5/5        EV:  5    Int:  9    God:
Gold:   117        SH:  9    Dex:  9    Spells: 0 memorised, 5 levels left

rFire  . . .     SeeInvis .     a - +0 war axe
rCold  . . .     Clarity  .     p - +0 chain mail (curse)
rNeg   + . .     SustAb   .     c - +0 shield
rPois  ∞         Gourm    .     (no helmet)
rElec  +         Spirit   .     (no cloak)
rCorr  .         Warding  .     (no gloves)
rMut   .         Stasis   .     (no boots)
MR     .....                    (no amulet)
Stlth  ..........               (no ring)
                                (no ring)

@: not resistant to hostile enchantments, extremely unstealthy
A: negative energy resistance 1, electricity resistance, unbreathing,
petrification resistance, rot immunity, AC +3
a: no special abilities


You were on level 3 of the Dungeon.
You were near starving.

You visited 1 branch of the dungeon, and saw 3 of its levels.

You collected 117 gold pieces.

Inventory:

Hand weapons
 a - a +0 war axe (weapon)
Armour
 b - a +0 scale mail
 c - a +0 shield (worn)
 p - a cursed +0 chain mail (worn)
Jewellery
 j - a cursed ring of teleportation {unknown}
Scrolls
 g - 5 scrolls of identify {unknown}
 i - a scroll of remove curse {unknown}
 l - 3 scrolls of immolation {unknown}
 n - a scroll of noise {unknown}
 r - a scroll of enchant armour {unknown}
Potions
 d - a potion of might
 f - 2 potions of heal wounds {unknown}
 h - a potion of haste {unknown}
 k - a potion of degeneration {unknown}
 q - 3 potions of restore abilities {unknown}
 s - a potion of poison {unknown}
 t - a potion of ambrosia {unknown}
 v - a potion of agility {unknown}
 x - a potion of brilliance {unknown}
Comestibles
 e - 2 bread rations
 m - a beef jerky
 o - a meat ration
 u - 3 fruits
 w - a royal jelly


   Skills:
 + Level 3.6 Fighting
 + Level 2.0 Axes
 * Level 3.9 Armour
 * Level 4.3 Shields
 * Level 1.1 Spellcasting


You had 5 spell levels left.
You didn't know any spells.

Dungeon Overview and Level Annotations

Branches:
Dungeon (3/15)

Altars:
Fedhas
Kikubaaqudgha

Annotations:
D:3 digdugdiggy's ghost, average FoFi


Innate Abilities, Weirdness & Mutations

You are resistant to torment.
Your stone body is resilient (AC +3).
You are immune to poison.
You resist negative energy.
You are resistant to electric shocks.
You can survive without breathing.
You are immune to petrification.
You are immune to rotting.


Message History

Your shield and chain mail prevent you from hitting digdugdiggy's ghost.
Digdugdiggy's ghost is lightly damaged.
Digdugdiggy's ghost hits you!
You barely miss digdugdiggy's ghost. Digdugdiggy's ghost barely misses you.
Digdugdiggy's ghost barely misses you.
You slash digdugdiggy's ghost!
Digdugdiggy's ghost is moderately damaged.
Digdugdiggy's ghost hits you.
* * * LOW HITPOINT WARNING * * *
You hit digdugdiggy's ghost but do no damage.
Digdugdiggy's ghost is moderately damaged.
You block digdugdiggy's ghost's attack.
Digdugdiggy's ghost hits you but does no damage.
You barely miss digdugdiggy's ghost.
Digdugdiggy's ghost is moderately damaged.
You block digdugdiggy's ghost's attack.
You hit digdugdiggy's ghost but do no damage.
Digdugdiggy's ghost is moderately damaged.
Digdugdiggy's ghost hits you.
You die...

#..#### .. ... #.....##..#
..#...#. ...
...............(..... #.#
#.<........ ........# #.# ###
...)....# #.....#.# #.# #.#
......### #.....#.# #.# #.#
......# #.......# #.# #.# ..###.#
#..W†##.# #.# #.# ### #.#
#..>@##.# #.# #.# #####.###
#.......###.####.# ........#
#.##.............# .....)..#
#.##############.# ........#
###.##############'####
........###..........#...........
..........#..........#...........
..........#..........#...........
..........#..........#...........


You could see digdugdiggy's ghost.

Vanquished Creatures
  Terence (D:2)
  2 adders
  An ooze (D:2)
  An orc (D:3)
  3 bats
  5 hobgoblins
  4 giant cockroaches
  A giant gecko (D:1)
  2 giant newts
  4 goblins
  5 kobolds
  7 rats
36 creatures vanquished.

Notes
Turn   | Place    | Note
--------------------------------------------------------------
     0 | D:1      | sugabear, the Gargoyle Fighter, began the quest for the Orb.
     0 | D:1      | Reached XP level 1. HP: 14/14 MP: 1/1
   140 | D:1      | Reached XP level 2. HP: 17/19 MP: 2/2
   677 | D:2      | Noticed Terence
   686 | D:2      | Killed Terence
   686 | D:2      | Reached skill level 4 in Shields
   686 | D:2      | Reached skill level 1 in Spellcasting
   686 | D:2      | Reached XP level 3. HP: 21/23 MP: 2/4
   902 | D:2      | Reached XP level 4. HP: 26/28 MP: 5/5
  1015 | D:2      | Found an ancient bone altar of Kikubaaqudgha.
  1016 | D:2      | Found a blossoming altar of Fedhas.
  1345 | D:3      | Noticed digdugdiggy's ghost (average FoFi)
  1362 | D:3      | Slain by digdugdiggy's ghost

Action                   |  1- 3 |  4- 6 || total
-------------------------+-------+-------++-------
Melee: War axe           |    65 |    49 ||   114
